 Seeded DCSS version 0.30-a0-578-gdee14c521f (webtiles) character file.

Game seed: 20230101 (custom seed)

6275 greenreed the Geomancer (level 10, -11/56 HPs)
             Began as a Gargoyle Earth Elementalist on Jan 1, 2023.
             Was a Follower of Vehumet.
             Mangled by an ice devil (18 damage)
             ... on level 8 of the Dungeon.
             The game lasted 00:17:06 (9088 turns).

greenreed the Geomancer (GrEE)                      Turns: 9088, Time: 00:17:07

Health: -11/56     AC: 13    Str: 17    XL:     10   Next: 94%
Magic:  18/23      EV: 12    Int: 21    God:    Vehumet [*.....]
Gold:   209        SH:  0    Dex: 10    Spells: 14/28 levels left

rFire   . . .      SeeInvis .    m - +0 sling (elec)
rCold   . . .      Faith    .    (no shield)
rNeg    + . .      Spirit   .    a - +0 robe
rPois   ∞          Reflect  .    q - +1 helmet
rElec   +          Harm     .    (no cloak)
rCorr   .          Rampage  .    l - +0 pair of gloves
Will    .....                    F - +0 pair of boots
Stlth   ++                       (no amulet)
HPRegen 0.29/turn                f - +6 ring of strength
MPRegen 0.18/turn                i - +4 ring of slaying

@: no status effects
A: sickness immunity, AC +7, negative energy resistance 1, electricity
resistance, torment resistance 1, petrification resistance
a: Renounce Religion


You were on level 8 of the Dungeon.
You worshipped Vehumet.
Vehumet was aware of your devotion.
You visited 2 branches of the dungeon, and saw 9 of its levels.
You also visited: Sewer.

You collected 469 gold pieces.
You spent 260 gold pieces at shops.

Inventory:

Hand Weapons
 m - a +0 sling of electrocution (weapon)
Missiles
 D - a throwing net
Armour
 a - a +0 robe (worn)
 l - a +0 pair of gloves (worn)
 q - a +1 helmet (worn)
 F - a +0 pair of boots (worn)
Jewellery
 f - a +6 ring of strength (left hand)
 g - a ring of flight
 i - a +4 ring of slaying (right hand)
 A - a ring of fire
 K - a ring of fire
Wands
 J - a wand of flame (14)
Scrolls
 d - 2 scrolls of amnesia {unknown}
 e - 6 scrolls of teleportation {unknown}
 j - 3 scrolls of enchant weapon {unknown}
 k - 10 scrolls of identify {unknown}
 o - a scroll of vulnerability {unknown}
 r - a scroll of fog {unknown}
 s - 3 scrolls of torment {unknown}
 t - a scroll of acquirement {unknown}
 w - 3 scrolls of enchant armour {unknown}
 x - 2 scrolls of noise {unknown}
 y - a scroll of fear {unknown}
 z - a scroll of poison {unknown}
 B - a scroll of butterflies {unknown}
 G - 2 scrolls of magic mapping {unknown}
Potions
 b - 2 potions of magic
 c - a potion of ambrosia {unknown}
 h - 6 potions of curing {unknown}
 n - a potion of heal wounds
 p - 2 potions of mutation {unknown}
 u - a potion of invisibility {unknown}
 v - 2 potions of cancellation {unknown}
 C - a potion of might {unknown}
 E - 4 potions of flight {unknown}
 H - a potion of degeneration {unknown}
 I - a potion of attraction {unknown}


   Skills:
 + Level 3.7 Fighting
 + Level 6.4 Ranged Weapons
 + Level 2.1 Dodging
 + Level 3.4 Stealth
 * Level 9.9 Spellcasting
 + Level 0.7 Transmutations
 * Level 11.6 Earth Magic


You had 14 spell levels left.
You knew the following spells:

 Your Spells              Type           Power      Damage    Failure   Level
a - Sandblast             Erth           100%       2d20      1%          1
b - Passwall              Tmut/Erth      30%        N/A       1%          2
c - Stone Arrow           Conj/Erth      68%        3d11      1%          3
d - Petrify               Tmut/Erth      36%        N/A       4%          4
e - Mephitic Cloud        Conj/Pois/Air  10%        N/A       21%         3
f - Magic Dart            Conj           40%        1d5       7%          1

Your spell library contained the following spells:

 Spells                   Type           Power      Damage    Failure   Level
 Animate Armour           Summ/Erth      68%        N/A       6%          4
 Apportation              Tloc           20%        N/A       7%          1
 Necrotise                Necr           40%        1d6       7%          1
 Summon Small Mammal      Summ           40%        N/A       7%          1
 Poisonous Vapours        Pois/Air       20%        N/A       10%         2
 Lehudib's Crystal Spear  Conj/Erth      17%        10d5      100%        8
 Cigotuvi's Dreadful Rot  Necr/Pois/Air  Unusable   N/A       N/A         2

Dungeon Overview and Level Annotations

Branches:
Dungeon (8/15)             Temple (1/1) D:7            Lair (0/5) D:8
  Sewer (visited)

Altars:
Ashenzari
Dithmenos
Gozag
Hepliaklqana
Makhleb
Nemelex Xobeh
Okawaru
Qazlal
Ru
Trog
Uskayaw
Vehumet
Wu Jian
Xom
Yredelemnul
The Shining One

Shops:
D:1 (   D:2 :


Innate Abilities, Weirdness & Mutations

You are immune to sickness and miasma.
Your stone body is resilient. (AC +7)
You are immune to poison.
You resist negative energy. (rN+)
You are resistant to electric shocks. (rElec)
You are resistant to unholy torment.
You are immune to petrification.


Message History

You hear a shout!
Psyche shouts, "Well, maybe I'm a bit nutty, but who cares?!"
An ice devil comes into view.
Something shouts, "Begone, thou puking swag-bellied dingleberry!"
You hear a shout!
You shoot a sling bullet. The sling bullet hits Psyche!
Psyche is moderately wounded.
Psyche gestures at you while chanting. You resist with some effort.
You hear a shout!
You shoot a sling bullet. The sling bullet hits Psyche!
Psyche is heavily wounded.
The blast of sand hits Psyche!!
You kill Psyche!
Vehumet accepts your kill.
A white imp comes into view. x2
The blast of sand hits the ice devil but does no damage.
An ice devil comes into view.
The blast of sand hits the ice devil.
The ice devil is lightly wounded.
The white imp gestures at you. The puff of frost hits you.
A freezing wraith comes into view.
The blast of sand hits the ice devil.
The ice devil is lightly wounded.
The white imp shouts, "Quit, thou weedy ruttish hugger-mugger!"
The ice devil hits you. The ice devil freezes you!
A freezing wraith comes into view.
The blast of sand misses the ice devil.
The ice devil barely misses you.
The ice devil hits you but does no damage.
The blast of sand hits the ice devil but does no damage.
The ice devil is lightly wounded.
The ice devil hits you! The ice devil freezes you! The white imp hits you.
The white imp freezes you.
You feel much better. The ice devil hits you. The ice devil freezes you!!
* * * LOW HITPOINT WARNING * * *
The ice devil attacks as you move away! The ice devil hits you!
* * * LOW HITPOINT WARNING * * *
The ice devil freezes you!!
You die...

..## .......#.. ...##
......#.................
....#
......#.................
....#
~~#..#.....<.....####..
...## #~.)'...<........#
##. ##.##
#~W.'.............###.
....#
#~#..W5......8.........
#...#
#~.5.44..........##....
#..## #@.##.......####..
#...##
#............###..
..##.#
#.........#.......
.....##
##.....#.####.....#
......#
#.......####......#
..#..##
###.###.#8.8...8.8#
.#...##
####............#
.###..# #.....8.......8.
## ##.# ##..............


You could see 2 ice devils, 2 freezing wraiths and 2 white imps.

Vanquished Creatures
  The ghost of yumyumyeen the Protected, a novice AtFi of Ashenzari (D:7)
  Pikel (D:6)
  Psyche (D:8)
  A troll (D:6)
  Sigmund (D:3)
  A wyvern (D:8)
  A steam dragon (D:7)
  Duvessa (D:4)
  A water moccasin (D:5)
  7 sky beasts
  An orc warrior (D:8)
  2 black bears
  2 ice beasts
  2 centaurs
  2 lemures (D:5)
  A phantom (D:5)
  Blork the orc (D:4)
  6 bullfrogs
  A gnoll sergeant (D:5)
  3 scorpions
  A necrophage (D:7)
  The ghost of spardeous the Digger, an amateur FeEE (D:4)
  Dowan (D:4)
  9 wights (D:8)
  6 killer bees (D:7)
  An electric eel (D:6)
  8 jellies
  A gnoll bouda (D:5)
  2 orc priests
  Crazy Yiuf (D:6)
  5 hounds
  2 iguanas
  2 orc wizards (D:7)
  A bullfrog simulacrum (D:7)
  A centaur simulacrum (D:7)
  A killer bee simulacrum (D:7)
  12 adders
  17 gnolls
  3 river rats (Sewer)
  A shadow imp (D:7)
  3 white imps
  9 worms
  A dart slug (D:5)
  11 orcs
  8 ball pythons
  3 bats
  20 endoplasms
  4 giant cockroaches (Sewer)
  6 goblins
  9 hobgoblins
  2 quokkas
  7 frilled lizards
  8 kobolds
  4 rats
208 creatures vanquished.

Vanquished Creatures (others)
  9 fungi (D:8)
  11 plants (D:8)
20 creatures vanquished.

Grand Total: 228 creatures vanquished

Notes
Turn   | Place    | Note
-------+----------+-------------------------------------------
     0 | D:1      | greenreed the Gargoyle Earth Elementalist began the quest
                  | for the Orb.
     0 | D:1      | Reached XP level 1. HP: 10/10 MP: 3/3
   295 | D:1      | Reached XP level 2. HP: 15/15 MP: 0/5
   433 | D:1      | Found Coskaan's Antique Weapon Boutique.
   454 | D:1      | Reached skill level 4 in Earth Magic
   866 | D:1      | Reached XP level 3. HP: 12/19 MP: 6/6
  1176 | D:2      | Reached skill level 1 in Ranged Weapons
  1213 | D:2      | Reached XP level 4. HP: 24/24 MP: 5/8
  1270 | D:2      | Found Foussoh's Book Shoppe.
  1825 | D:3      | Reached XP level 5. HP: 24/28 MP: 3/10
  1866 | D:3      | Found a glowing drain.
  1894 | Sewer    | Entered a sewer
  2212 | Sewer    | Reached XP level 6. HP: 32/32 MP: 8/12
  2258 | Sewer    | Reached skill level 5 in Earth Magic
  2286 | Sewer    | Found a viscous altar of Jiyva.
  2562 | D:3      | Noticed Sigmund
  2568 | D:3      | Killed Sigmund
  2569 | D:3      | Reached skill level 1 in Fighting
  2569 | D:3      | Reached XP level 7. HP: 26/38 MP: 7/14
  3245 | D:4      | Noticed spardeous's ghost (amateur FeEE)
  3363 | D:4      | Found a transporter.
  3393 | D:4      | Reached skill level 5 in Spellcasting
  3393 | D:4      | Reached skill level 6 in Earth Magic
  3535 | D:4      | Found a transporter.
  3631 | D:4      | Noticed Duvessa
  3632 | D:4      | Noticed Dowan
  3636 | D:4      | Killed Duvessa
  3644 | D:4      | Killed Dowan
  3798 | D:4      | Noticed Blork the orc
  3804 | D:4      | Killed Blork the orc
  3805 | D:4      | Reached XP level 8. HP: 30/45 MP: 10/16
  4337 | D:5      | Entered Level 5 of the Dungeon
  4342 | D:4      | Reached skill level 7 in Earth Magic
  5034 | D:5      | Reached skill level 8 in Earth Magic
  5580 | D:6      | Noticed Pikel
  5914 | D:6      | Reached XP level 9. HP: 51/51 MP: 15/18
  6007 | D:6      | Noticed a troll
  6011 | D:6      | Killed a troll
  6151 | D:6      | Killed Pikel
  6152 | D:6      | Reached skill level 9 in Earth Magic
  6503 | D:6      | Reached skill level 5 in Ranged Weapons
  6669 | D:6      | Found a runed translucent door.
  6670 | D:6      | Noticed Crazy Yiuf
  6674 | D:6      | Killed Crazy Yiuf
  7031 | D:7      | Noticed yumyumyeen's ghost (novice AtFi)
  7066 | D:7      | Found a staircase to the Ecumenical Temple.
  7084 | Temple   | Entered the Ecumenical Temple
  7174 | Temple   | Became a worshipper of Vehumet
  7341 | D:7      | Reached XP level 10. HP: 40/56 MP: 18/22
  7480 | D:7      | Found a runed translucent gate.
  7480 | D:7      | Found a runed translucent gate.
  7480 | D:7      | Found a runed translucent gate.
  7620 | D:7      | Reached skill level 10 in Earth Magic
  8090 | D:2      | Bought a book of Vapours for 260 gold pieces
  8140 | D:4      | Learned a level 2 spell: Passwall
  8144 | D:4      | Learned a level 3 spell: Stone Arrow
  8149 | D:4      | Learned a level 4 spell: Petrify
  8153 | D:4      | Learned a level 3 spell: Mephitic Cloud
  8157 | D:4      | Killed spardeous's ghost
  8284 | D:7      | Reached * piety under Vehumet
  8284 | D:7      | Offered knowledge of Magic Dart by Vehumet.
  8332 | D:7      | Killed yumyumyeen's ghost
  8586 | D:8      | Learned a level 1 spell: Magic Dart
  8675 | D:8      | Reached skill level 11 in Earth Magic
  8823 | D:8      | Found a staircase to the Lair.
  9077 | D:8      | Noticed Psyche
  9081 | D:8      | Killed Psyche
  9088 | D:8      | Mangled by an ice devil

Illustrated notes

Levels and vault maps discovered:
D:1:      spicycebolla_arrival_ecumenical, layout_basic, serial_shops,
          nicolae_shop_behind_doors
D:2:      layout_rooms, serial_shops, nicolae_lakefront_shop,
          nicolae_eternal_life, grunt_ministairs_15
D:3:      layout_loops_corners, cheibrodos_sewer_entry_sluice,
          kennysheep_another_room, uniq_sigmund
D:4:      layout_basic, gammafunk_ghost_arena, uniq_blork_the_orc, uniq_duvessa
D:5:      layout_basic, roderic_lattice_a, hangedman_decor_growths
D:6:      layout_layer_cave, nicolae_zen_rock_garden, minivault_14, uniq_pikel,
          uniq_crazy_yiuf_cottage
D:7:      layout_loops_cross, temple_pool_b, gammafunk_ghost_icy
D:8:      layout_cave_pools, nicolae_overflow_hallway_of_the_gods,
          grunt_lair_entry_orc_guard_hut, serial_column_ruins,
          column_ruins_courtyard_long, column_ruins_hut, column_ruins_open_tiny,
          column_ruins_open_tiny, column_ruins_corridor_dead_end,
          column_ruins_open_small, column_ruins_grid_1, column_ruins_open_tiny,
          hellmonk_guarded_unrand_frostbite, uniq_psyche
Temple:   nicolae_temple_slightly_damp_pantheon

Skill      XL: |  1  2  3  4  5  6  7  8  9 10 |
---------------+-------------------------------+-----
Earth Magic    | 4 5 6 8 9 11 | 11.6
Ranged Weapons | 1 2 3 4 6 |  6.4
Spellcasting   | 3 4 5 6 8 9 |  9.9
Fighting       | 1 2 3 |  3.7
Stealth        | 3 |  3.4
Dodging        | 2 |  2.1
Transmutations | |  0.7

Action                   |  1- 3 |  4- 6 |  7- 9 | 10-12 || total
-------------------------+-------+-------+-------+-------++-------
Melee: Unarmed           |    24 |       |       |       ||    24
 Fire: Sling             |    14 |    63 |   108 |    42 ||   227
 Cast: Sandblast         |    37 |    59 |   134 |    78 ||   308
       Stone Arrow       |       |       |       |     2 ||     2
  Use: Potion            |       |       |       |     1 ||     1
Armor: Robe              |    12 |     9 |    22 |    18 ||    61
Dodge: Dodged            |    25 |    20 |    50 |    37 ||   132

Table legend: (Time is in decaauts)
 A = Elapsed time spent in this place.
 B = Non-inter-level travel time spent in this place.
 C = Inter-level travel time spent in this place.
 D = Time resting spent in this place.
 E = Time spent auto-exploring this place.
 F = Levels seen in this place.
 G = Mean time per level.
                   A        B        C        D        E       F      G
               +--------+--------+--------+--------+--------+-----+--------+
         Total |   9323 |   8649 |    674 |    218 |   7049 |  10 |  932.3 |
       Dungeon |   8574 |   7926 |    648 |    218 |   6486 |   8 | 1071.8 |
        Temple |    219 |    193 |     26 |      0 |    175 |   1 |  219.0 |
         Sewer |    529 |    529 |      0 |      0 |    388 |   1 |  529.0 |
               +--------+--------+--------+--------+--------+-----+--------+

Top non-repeatable levels by time:
     D:4: 1472 daAuts
     D:6: 1401 daAuts
     D:3: 1278 daAuts
     D:7: 1125 daAuts
     D:5: 1110 daAuts
     D:1: 935 daAuts
     D:2: 673 daAuts
     D:8: 576 daAuts
   Sewer: 529 daAuts
  Temple: 219 daAuts
